 Dungeon Crawl Stone Soup version 0.23.1 (webtiles) character file.

Game seed: 10970352386391655934

81 Borgoz the Sneak (level 4, -2/33 HPs)
             Began as a Ghoul Enchanter on Mar 13, 2019.
             Slain by an orc
             ... wielding a +0 short sword
              (4 damage)
             ... on level 3 of the Dungeon.
             The game lasted 00:04:38 (2160 turns).

Borgoz the Sneak (Ghoul Enchanter)                  Turns: 2160, Time: 00:04:39

Health: -2/33      AC:  2    Str: 11    XL:     4   Next: 40%
Magic:  2/5        EV: 12    Int: 10    God:
Gold:   122        SH:  0    Dex: 10    Spells: 3/6 levels left

rFire    . . .     SeeInvis .   a - +1 dagger
rCold    + . .     Gourm    .   (no shield)
rNeg     + + +     Faith    .   b - +0 robe
rPois    ∞         Spirit   .   (no helmet)
rElec    .         Reflect  .   (no cloak)
rCorr    .         Harm     .   (no gloves)
MR       .....                  (no boots)
Stlth    ++........             (no amulet)
HPRegen  0.00/turn              (no ring)
MPRegen  0.09/turn              (no ring)

@: rotting
A: rotting body, claws 1, carnivore, cold resistance 1, negative energy
resistance 3, inhibited regeneration, torment resistance, unbreathing
a: no special abilities


You were on level 3 of the Dungeon.
You were not hungry.

You visited 1 branch of the dungeon, and saw 3 of its levels.

You collected 122 gold pieces.

Inventory:

Hand Weapons
 a - a +1 dagger (weapon)
Missiles
 e - 35 poisoned needles
Armour
 b - a +0 robe (worn)
Scrolls
 c - 2 scrolls of remove curse {unknown}
 h - 2 scrolls of identify {unknown}
 i - 4 scrolls of teleportation {unknown}
 l - a scroll of enchant armour {unknown}
 m - a scroll of fog {unknown}
 n - 2 scrolls of immolation {unknown}
Potions
 g - a potion of degeneration {unknown}
 j - 2 potions of curing {unknown}
 k - 2 potions of heal wounds {unknown}
 o - 2 potions of magic {unknown}
Comestibles
 d - 5 rations


   Skills:
 + Level 0.2 Fighting
 * Level 1.5 Short Blades
 * Level 1.0 Armour
 * Level 2.4 Dodging
 + Level 4.1 Stealth
 + Level 1.9 Spellcasting
 + Level 2.7 Hexes


You had 3 spell levels left.
You knew the following spells:

 Your Spells              Type           Power        Failure   Level  Hunger
a - Corona                Hex            #......      11%         1    ##.....
b - Ensorcelled Hibernat  Hex/Ice        #.....       26%         2    ###....

Your spell library contained the following spells:

 Spells                   Type           Power        Failure   Level  Hunger
 Confuse                  Hex            #.......     30%         3    ####...
 Tukima's Dance           Hex            #.......     30%         3    ####...
 Dazzling Spray           Conj/Hex       #.....       47%         3    ####...


Dungeon Overview and Level Annotations

Branches:
Dungeon (3/15)

Altars:


Innate Abilities, Weirdness & Mutations

Your body is rotting away.
You thrive on raw meat.
You are immune to poison.
You have sharp fingernails.
You are carnivorous and can eat meat at any time.
Your flesh is cold resistant. (rC+)
You are immune to negative energy. (rN+++)
You do not regenerate when monsters are visible.
You are immune to unholy pain and torment.
You can survive without breathing.


Message History

The orc is almost dead.
The orc closely misses you.
You hit the orc but do no damage.
The orc is almost dead.
The orc hits you with a +0 short sword.
* * * LOW HITPOINT WARNING * * *
You closely miss the orc.
The orc is almost dead.
The orc misses you.
You hit the orc but do no damage.
The orc is almost dead.
The orc barely misses you.
You hit the orc but do no damage.
The orc is almost dead.
The orc hits you with a +0 short sword.
* * * LOW HITPOINT WARNING * * *
You hit the orc but do no damage.
The orc is almost dead.
The orc hits you with a +0 short sword.
You die...

####### .......
....... .......
....... #####.......
#..@o.......
#########.###.......
###.......#>..+.......
#...#####.#.###.......
#...#####.#.##......##
#.......#.#..'.......#
#....(..#.####.......#
#.......#.# #.......#
#.......#.####.......#


You could see an orc.

Vanquished Creatures
  2 oozes
  2 dart slugs (D:1)
  2 leopard geckos (D:1)
  4 orcs (D:3)
  6 goblins
  4 hobgoblins (D:1)
  13 jackals
  7 kobolds
  6 bats
  5 frilled lizards (D:1)
  4 rats
55 creatures vanquished.

Notes
Turn   | Place    | Note
-------+----------+-------------------------------------------
     0 | D:1      | Borgoz the Ghoul Enchanter began the quest for the Orb.
     0 | D:1      | Reached XP level 1. HP: 14/14 MP: 2/2
   108 | D:1      | Reached XP level 2. HP: 20/20 MP: 3/3
   270 | D:1      | Learned a level 2 spell: Ensorcelled Hibernation
   321 | D:1      | Reached skill level 1 in Short Blades
   337 | D:1      | Reached skill level 4 in Stealth
   461 | D:1      | Reached XP level 3. HP: 19/26 MP: 1/4
  1397 | D:2      | Reached XP level 4. HP: 18/33 MP: 5/5
  1519 | D:2      | Found a faded altar of an unknown god.
  1657 | D:2      | Reached skill level 1 in Armour
  2160 | D:3      | Slain by an orc

Skill      XL: |  1  2  3  4 |
---------------+-------------+-----
Short Blades   | 1 |  1.5
Stealth        | 4 |  4.1
Dodging        | 2 |  2.4
Armour         | 1 |  1.0
Fighting       | |  0.2
Spellcasting   | |  1.9
Hexes          | |  2.7

Action                   |  1- 3 |  4- 6 || total
-------------------------+-------+-------++-------
Melee: Dagger            |   171 |    80 ||   251
 Cast: Corona            |     3 |       ||     3
       Ensorcelled Hiber |     4 |     4 ||     8
  Use: Potion            |     1 |       ||     1
 Stab: Sleeping          |     9 |     5 ||    14
  Eat: Chunk             |    18 |     7 ||    25
Armor: Robe              |    33 |     9 ||    42
Dodge: Dodged            |   136 |    42 ||   178
